 Dungeon Crawl Stone Soup version 0.23-a0-325-gb46b2e5 (webtiles) character file.

84 BingusPrime the Ducker (level 4, 0/26 HPs)
             Began as a Hedgehog Warper on Oct 29, 2018.
             Slain by a hobgoblin
             ... wielding a +0 club
              (4 damage)
             ... on level 3 of the Dungeon.
             The game lasted 00:09:01 (3092 turns).

BingusPrime the Ducker (Hedgehog Warper)            Turns: 3092, Time: 00:09:02

Health: 0/26       AC:  0    Str: 12    XL:     4   Next: 74%
Magic:  8/9        EV: 14    Int: 11    God:
Gold:   111        SH:  0    Dex: 14    Spells: 6/8 levels left

rFire    . . .     SeeInvis +   a - +0 falchion
rCold    . . .     Gourm    .   (shield unavailable)
rNeg     . . .     Faith    .   (armour unavailable)
rPois    .         Spirit   .   (helmet unavailable)
rElec    .         Reflect  .   (cloak unavailable)
rCorr    .         Harm     .   (no gloves)
MR       .....                  (no boots)
Stlth    +.........             (no amulet)
HPRegen  0.08/turn              h - ring of flight
MPRegen  0.11/turn              n - ring of see invisible

@: very quick
A: gotta go fast, unfitting armour, speed 3, screaming 3, spiny 1
a: Evoke Flight


You were on level 3 of the Dungeon.
You were hungry.

You visited 1 branch of the dungeon, and saw 3 of its levels.

You collected 111 gold pieces.

Inventory:

Hand Weapons
 a - a +0 falchion (weapon)
Missiles
 d - 5 tomahawks of dispersal (quivered)
 o - 7 tomahawks
Jewellery
 h - a ring of flight (left hand)
 n - a ring of see invisible (right hand)
Scrolls
 b - a scroll of random uselessness {unknown}
 c - a scroll of blinking
 i - 2 scrolls of teleportation {unknown}
 j - a scroll of fear {unknown}
 k - a scroll of remove curse {unknown}
 m - 2 scrolls of identify {unknown}
Potions
 e - a potion of resistance {unknown}
 g - 4 potions of curing {unknown}
 l - 2 potions of flight {unknown}
Comestibles
 f - a ration


   Skills:
 + Level 2.0 Fighting
 + Level 2.9 Long Blades
 + Level 0.7 Throwing
 + Level 4.5 Dodging
 + Level 0.4 Stealth
 + Level 2.8 Spellcasting
 + Level 4.3 Translocations


You had 6 spell levels left.
You knew the following spells:

 Your Spells              Type           Power        Failure   Level  Hunger
a - Blink                 Tloc           N/A          7%          2    ###....

Your spell library contained the following spells:

 Spells                   Type           Power        Failure   Level  Hunger
 Gell's Gravitas          Tloc           ##........   14%         3    ###....
 Lesser Beckoning         Tloc           ##........   14%         3    ###....
 Teleport Other           Tloc           ##......     14%         3    ###....
 Shroud of Golubria       Chrm/Tloc      #.........   17%         2    ###....
 Passage of Golubria      Tloc           N/A          41%         4    #####..


Dungeon Overview and Level Annotations

Branches:
Dungeon (3/15)

Altars:
Elyvilon

Annotations:
D:3 taqueso's ghost, amateur LeTK


Innate Abilities, Weirdness & Mutations

You always go fast, even when slowed.
You cover ground extremely quickly.
You frequently scream uncontrollably at your foes.
You are partially covered in sharp spines.


Message History

A hobgoblin comes into view. It is wielding a club.
A giant cockroach comes into view.
Found a stone staircase leading down.
Found a ration.
You hit the hobgoblin but do no damage. The hobgoblin misses you.
You riposte.
You hit the hobgoblin but do no damage. You barely miss the hobgoblin.
The giant cockroach is struck by your spines.
The giant cockroach misses you. The hobgoblin is struck by your spines.
The hobgoblin misses you.
You riposte.
You barely miss the hobgoblin.
The hobgoblin is almost dead.
You hit the hobgoblin but do no damage.
The hobgoblin is almost dead.
The giant cockroach is struck by your spines.
The giant cockroach bites you.
* * * LOW HITPOINT WARNING * * *
The giant cockroach bites you.
* * * LOW HITPOINT WARNING * * *
The hobgoblin hits you with a club.
You die...

.$ ###%....# #..
#.......# ###..
#..>..... .....
#.......# .....
#.......# ... ...
#.......####..# #.
......sg.....# ... # #@#
.. ... # #S###.# ....
#.##..#...# ..
#.##.##..# #.. #W...#..#
...##. #.#..#..# .W...#[
#.##.#..# ...Z.#$
...S....##.##..# #...Z..
...#######..#........ZZ.


You could see a phantom, an adder, a giant cockroach and a hobgoblin.

Vanquished Creatures
  2 adders (D:2)
  2 worms
  3 dart slugs
  A leopard gecko (D:2)
  An orc (D:3)
  6 bats
  3 giant cockroaches
  6 goblins
  5 hobgoblins
  5 jackals (D:2)
  5 kobolds
  A ball python (D:2)
  3 frilled lizards (D:2)
  A jackal skeleton (D:2)
  8 rats
52 creatures vanquished.

Notes
Turn   | Place    | Note
-------+----------+-------------------------------------------
     0 | D:1      | BingusPrime the Hedgehog Warper began the quest for the
                  | Orb.
     0 | D:1      | Reached XP level 1. HP: 12/12 MP: 4/4
    54 | D:1      | Reached XP level 2. HP: 9/17 MP: 6/6
   290 | D:1      | Learned a level 2 spell: Blink
   936 | D:2      | Reached XP level 3. HP: 21/21 MP: 7/7
  1566 | D:2      | Reached XP level 4. HP: 17/26 MP: 9/9
  1820 | D:2      | Found a white marble altar of Elyvilon.
  3066 | D:3      | Noticed taqueso's ghost (amateur LeTK)
  3083 | D:3      | Noticed a phantom
  3092 | D:3      | Slain by a hobgoblin

Vault maps used:
D:1:      dpeg_arrival_central
D:2:      overflow_temple_1_default
D:3:      kennysheep_goblin_castle, lemuel_coloured_pillars_altar, first_ration,
          gammafunk_ghost_icy

Skill      XL: |  1  2  3  4 |
---------------+-------------+-----
Dodging        | 4 |  4.5
Fighting       | 2 |  2.0
Long Blades    | |  2.9
Throwing       | |  0.7
Stealth        | |  0.4
Spellcasting   | |  2.8
Translocations | |  4.3

Action                   |  1- 3 |  4- 6 || total
-------------------------+-------+-------++-------
Melee: Falchion          |    52 |    46 ||    98
 Cast: Blink             |     7 |     4 ||    11
 Stab: Sleeping          |     1 |     1 ||     2
  Eat: Chunk             |     1 |     4 ||     5
Dodge: Dodged            |    39 |    32 ||    71
       Rpst.: Falchion   |    18 |    11 ||    29

Table legend:
 A = Non-vault XP
 B = Vault XP
 C = Vault XP percentage of total XP
 D = Non-vault monster count
 E = Vault monster count
 F = Vault count percentage of total count
                 A         B        C        D         E       F
            +---------+---------+-------+---------+---------+-------
      Total |     121 |       0 |   0.0 |      52 |       0 |   0.0
            +---------+---------+-------+---------+---------+-------
        D:1 |      25 |       0 |   0.0 |      15 |       0 |   0.0
        D:2 |      67 |       0 |   0.0 |      25 |       0 |   0.0
        D:3 |      29 |       0 |   0.0 |      12 |       0 |   0.0
            +---------+---------+-------+---------+---------+-------
